 Dungeon Crawl Stone Soup version 0.30.0-29-ga12c61a403 (webtiles) character file.

Game seed: 10705974534825845419

3519 cheesebisquit the Changer (level 9, -6/75 HPs)
             Began as a Troll Transmuter on June 22, 2023.
             Was a High Priest of Wu Jian.
             Hit by a stone thrown by Grum (10 damage)
             ... on level 8 of the Dungeon.
             The game lasted 00:23:39 (5522 turns).

cheesebisquit the Changer (Troll Transmuter)        Turns: 5522, Time: 00:23:40

Health: -6/75      AC:  4    Str: 20    XL:     9   Next: 81%
Magic:  15/15      EV:  9    Int: 19    God:    Wu Jian [*****.]
Gold:   357        SH:  0    Dex: 10    Spells: 8/18 levels left

rFire   . .          .
                       - Unarmed
rCold   . . .        (no shield)
rNeg    . . .        a - +0 robe
rPois   .            (helmet currently unavailable)
rElec   .            (no cloak)
rCorr   .            (gloves unavailable)
SInv    .            (boots unavailable)
Will    .....        n - amulet of magic regeneration
Stlth   +            p - +6 ring of intelligence
HPRegen 1.12/turn    A - +4 ring of slaying
MPRegen 0.54/turn

%: no passive effects
@: appendages, invisible
A: horns 2, talons 2, large, unfitting armour, claws 3, regeneration 1, shaggy
fur 1, tough skin 1
a: End Transformation, Renounce Religion, Wall Jump, Serpent's Lash, Heavenly
Storm


You were on level 8 of the Dungeon.
You worshipped Wu Jian.
Wu Jian was extremely pleased with you.
You had temporarily grown beastly horns and talons.
You visited 2 branches of the dungeon, and saw 9 of its levels.

You collected 357 gold pieces.

Inventory:

Hand Weapons
 E - a +0 giant spiked club
Missiles
 d - 18 poisoned darts
 u - 6 javelins
 w - 5 atropa-tipped darts
Armour
 a - a +0 robe (worn)
Jewellery
 n - an amulet of magic regeneration (around neck)
 p - a +6 ring of intelligence (left claw)
 s - a ring of poison resistance
 t - a ring of see invisible
 A - a +4 ring of slaying (right claw)
 B - a ring of protection from fire
 K - a ring of positive energy
Wands
 q - a wand of roots (9)
Scrolls
 e - a scroll of fog {unknown}
 f - a scroll of vulnerability {unknown}
 l - a scroll of blinking {unknown}
 m - a scroll of noise {unknown}
 v - a scroll of teleportation
 y - a scroll of enchant armour {unknown}
 z - a scroll of fear {unknown}
 C - a scroll of immolation
 F - a scroll of enchant weapon {unknown}
 G - 2 scrolls of acquirement {unknown}
 H - 6 scrolls of poison {unknown}
 I - a scroll of magic mapping {unknown}
Potions
 b - 3 potions of lignification
 c - 3 potions of resistance
 g - a potion of flight {unknown}
 h - 4 potions of curing
 j - a potion of invisibility
 k - 2 potions of mutation {unknown}
 o - 2 potions of haste {unknown}
 r - a potion of attraction {unknown}
 x - 2 potions of degeneration {unknown}
 D - a potion of berserk rage {unknown}
 J - a potion of brilliance {unknown}


   Skills:
 - Level 0.7 Fighting
 - Level 1.5 Dodging
 - Level 3.0 Unarmed Combat
 - Level 5.0 Spellcasting
 - Level 7.0 Transmutations
 + Level 2.8 Ice Magic
 - Level 5.0 Poison Magic


You had 8 spell levels left.
You knew the following spells:

 Your Spells              Type           Power      Damage    Failure   Level
a - Beastly Appendage     Tmut           62%        N/A       1%          1
b - Wereblood             Tmut           31%        N/A       1%          2
c - Spider Form           Tmut/Pois      27%        N/A       3%          3
d - Ice Form              Ice/Tmut       23%        N/A       16%         4

Your spell library contained the following spells:

 Spells                   Type           Power      Damage    Failure   Level
 Summon Small Mammal      Summ           16%        N/A       12%         1
 Blink                    Tloc           8%         N/A       19%         2
 Lesser Beckoning         Tloc           8%         N/A       19%         2
 Momentum Strike          Conj/Tloc      8%         3d8       19%         2
 Blade Hands              Tmut           15%        N/A       19%         5
 Call Canine Familiar     Summ           4%         N/A       36%         3
 Portal Projectile        Hex/Tloc       8%         N/A       36%         3
 Summon Guardian Golem    Hex/Summ       4%         N/A       36%         3
 Tukima's Dance           Hex            4%         N/A       36%         3


Dungeon Overview and Level Annotations

Branches:
Dungeon (8/15)             Temple (1/1) D:6
   Lair: D:8-11

Altars:
Ashenzari
Cheibriados
Dithmenos
Elyvilon
Fedhas
Gozag
Hepliaklqana
Kikubaaqudgha
Makhleb
Nemelex Xobeh
Okawaru
Qazlal
Ru
Sif Muna
Trog
Uskayaw
Vehumet
Wu Jian
Xom
Yredelemnul
Zin
The Shining One

Annotations:
D:8 Grum


Innate Abilities, Weirdness & Mutations

You have temporarily grown beastly horns and talons.
You are too large for most types of armour.
You have claws for hands.
Your natural rate of healing is unusually fast.
You are covered in fur. (AC +1)
You have tough skin. (AC +1)


Message History

You kill the wolf!
The Council accepts your kill. The wolf bites you. The wolf bites you!
* * * LOW HITPOINT WARNING * * *
The wolf closely misses you.
Grum throws a stone.
The stone hits you.
* * * LOW HITPOINT WARNING * * *
The wolf bites you.
* * * LOW HITPOINT WARNING * * *
You lunge at Grum.
You barely miss Grum. You claw Grum! You headbutt Grum!
Grum is heavily wounded.
You spin and attack the wolf.
You scratch the wolf but do no damage. Your headbutt misses the wolf.
You spin and attack the wolf.
You scratch the wolf.
The wolf is lightly wounded.
The wolf pauses to sniff the ground.
The wolf bites you but does no damage. The wolf barely misses you.
The wolf bites you but does no damage.
Grum hits you with a +0 spear of distortion!
* * * LOW HITPOINT WARNING * * *
You feel much better.
Your primal bloodlust has ended.
The wolf bites you!
* * * LOW HITPOINT WARNING * * *
The wolf bites you.
* * * LOW HITPOINT WARNING * * *
The wolf closely misses you. Grum barely misses you.
The wolf closely misses you.
You feel much better. The wolf bites you but does no damage.
The wolf closely misses you. The wolf bites you. Grum closely misses you.
You fade into invisibility!
The wolf closely misses you. The wolf barely misses you. The wolf bites you!
* * * LOW HITPOINT WARNING * * *
Grum hits you with a +0 spear of distortion!
* * * LOW HITPOINT WARNING * * *
Space warps around you.
* * * LOW HITPOINT WARNING * * *
Okay, then.
The wolf attacks as you move away! The wolf misses you.
The wolf barely misses you.
Grum throws a stone.
The stone hits you!
You die...

.......
........#
........#
.......##
#......#######
#............
#...g.......
#....†......
#..@h.......
##
#...h.###...
#.##...### #
#.#...# #....#
#...#...##
#.....#...#
#.~~~.#...##
#####
#~...~#.#..##
##....


You could see Grum (unable to see you) and 2 wolves.

Vanquished Creatures
  A hornet (D:8)
  Sigmund (D:2)
  A steam dragon (D:7)
  A water moccasin (D:7)
  An ice beast (D:6)
  3 black bears
  3 ogres
  3 centaurs
  2 wolves (D:8)
  3 bullfrogs
  Blork the orc (D:4)
  A gnoll sergeant (D:8)
  2 scorpions
  3 wights (D:8)
  6 killer bees (D:7)
  3 howler monkeys (D:8)
  A quasit (D:7)
  4 hounds
  2 jellies (D:7)
  An orc priest (D:5)
  A gnoll bouda (D:6)
  4 sleepcaps
  Natasha (thrice) (D:2)
  Terence (D:2)
  2 iguanas (D:5)
  2 orc wizards
  12 gnolls
  10 adders
  3 shadow imps (D:7)
  3 white imps
  3 ufetubi (D:7)
  2 worms
  2 dart slugs
  17 orcs
  8 endoplasms
  4 giant cockroaches
  5 goblins
  6 hobgoblins
  3 jackals (D:5)
  10 kobolds
  5 quokkas
  4 ball pythons
  8 bats
  5 frilled lizards
  7 rats
173 creatures vanquished.

Notes
Turn   | Place    | Note
-------+----------+-------------------------------------------
     0 | D:1      | cheesebisquit the Troll Transmuter began the quest for the
                  | Orb.
     0 | D:1      | Reached XP level 1. HP: 18/18 MP: 1/1
    91 | D:1      | Reached skill level 2 in Transmutations
    91 | D:1      | Reached XP level 2. HP: 26/26 MP: 0/2
   278 | D:1      | Found a faded altar of an unknown god.
   289 | D:1      | Prayed at the altar of an unknown god.
   289 | D:1      | Became a worshipper of the Wu Jian Council
   289 | D:1      | Reached * piety under Wu Jian
   788 | D:2      | Reached XP level 3. HP: 32/32 MP: 1/3
   961 | D:2      | Noticed Natasha
   966 | D:2      | Killed Natasha
   967 | D:2      | Reached skill level 3 in Transmutations
   970 | D:2      | Learned a level 2 spell: Wereblood
  1055 | D:2      | Noticed Terence
  1069 | D:2      | Killed Terence
  1070 | D:2      | Reached XP level 4. HP: 26/40 MP: 4/4
  1148 | D:2      | You fall into a shaft and drop 1 floor!
  1215 | D:2      | Noticed Natasha
  1221 | D:2      | Killed Natasha
  1339 | D:1      | Reached ** piety under Wu Jian
  1354 | D:2      | Noticed Natasha
  1358 | D:2      | Killed Natasha
  1359 | D:2      | Reached skill level 4 in Transmutations
  1359 | D:2      | Reached XP level 5. HP: 46/46 MP: 5/5
  1363 | D:2      | Learned a level 3 spell: Spider Form
  1440 | D:2      | Noticed Sigmund
  1452 | D:2      | Killed Sigmund
  1453 | D:2      | Reached skill level 5 in Transmutations
  1453 | D:2      | Reached XP level 6. HP: 39/54 MP: 6/6
  1563 | D:3      | Found a shadowy altar of Dithmenos.
  2241 | D:4      | Reached XP level 7. HP: 38/61 MP: 7/7
  2327 | D:4      | Noticed Blork the orc
  2336 | D:4      | Killed Blork the orc
  2337 | D:4      | Reached skill level 6 in Transmutations
  2375 | D:4      | Reached *** piety under Wu Jian
  2664 | D:5      | Entered Level 5 of the Dungeon
  3252 | D:5      | Reached skill level 7 in Transmutations
  3365 | D:6      | Reached skill level 1 in Poison Magic
  3369 | D:6      | Reached XP level 8. HP: 67/68 MP: 8/8
  3882 | D:6      | Reached **** piety under Wu Jian
  3955 | D:6      | Found a staircase to the Ecumenical Temple.
  3964 | Temple   | Entered the Ecumenical Temple
  3964 | Temple   | Found a transporter.
  3964 | Temple   | Found a transporter.
  3966 | Temple   | Found a transporter.
  3966 | Temple   | Found a transporter.
  4141 | D:7      | Reached skill level 5 in Poison Magic
  4327 | D:7      | Reached XP level 9. HP: 51/75 MP: 11/11
  4481 | D:7      | Learned a level 4 spell: Ice Form
  4807 | D:7      | Found a stormy altar of Qazlal.
  4997 | D:8      | Paralysed by a hornet for 2 turns
  5268 | D:8      | Reached skill level 5 in Spellcasting
  5296 | D:8      | Reached skill level 1 in Ice Magic
  5488 | D:8      | Reached ***** piety under Wu Jian
  5492 | D:8      | Found a sacrificial altar of Ru.
  5508 | D:8      | Noticed Grum
  5518 | D:8      | HP: 1/75 [Grum/+0 spear of distortion (16)]
  5522 | D:8      | Hit by a stone thrown by Grum

Illustrated notes

Levels and vault maps discovered:
D:1:      erik_arrival_cave_to_civilisation [erik_arrival_cave_to_hall],
          layout_basic, ebering_ecumenical_altar_mist, minmay_misc_feat_enclosed
D:2:      layout_loops_ring, kennysheep_generic_room_16, uniq_terence,
          uniq_natasha, uniq_sigmund
D:3:      kb_forest_paths, layout_rooms, nicolae_dithmenos_shadow_blocks,
          serial_rivers, chequers_serial_rivers_large_b,
          chequers_serial_rivers_small_b, chequers_serial_rivers_large_a,
          chequers_serial_rivers_micro_c, chequers_serial_rivers_room_b
D:4:      layout_rooms, uniq_blork_the_orc
D:5:      layout_loops_ring
D:6:      layout_basic, minmay_temple_entry_poolview
D:7:      layout_loops_ring, kennysheep_mini, serial_demonic, serial_demonic_c,
          serial_demonic_g, serial_demonic_c, serial_demonic_e
D:8:      layout_layer_cave, nicolae_ru_awakened_eye, uniq_grum
Temple:   hellmonk_temple_divided_pantheon

Skill      XL: |  1  2  3  4  5  6  7  8  9 |
---------------+----------------------------+-----
Transmutations | 2 3 4 5 7 |  7.0
Poison Magic   | 1 5 |  5.0
Spellcasting   | 2 5 |  5.0
Ice Magic      | 2 |  2.8
Fighting       | |  0.7
Dodging        | |  1.5
Unarmed Combat | |  3.0

Action                     |  1- 3 |  4- 6 |  7- 9 || total
---------------------------+-------+-------+-------++-------
  Melee: Unarmed           |    63 |    71 |   246 ||   380
         Kick              |     7 |    15 |    68 ||    90
         Headbutt          |     4 |     7 |    39 ||    50
         Punch             |     2 |     1 |     4 ||     7
  Throw: Dart              |       |       |     6 ||     6
   Cast: Beastly Appendage |    20 |    17 |    35 ||    72
         Wereblood         |       |     6 |    17 ||    23
Ability: Lunge             |     4 |     6 |    25 ||    35
         Whirlwind         |     1 |       |     5 ||     6
    Use: Scroll            |       |     2 |     4 ||     6
         Potion            |       |       |     5 ||     5
 Armour: Robe              |    26 |    18 |    67 ||   111
  Dodge: Dodged            |    21 |    17 |   148 ||   186
